 Dungeon Crawl Stone Soup version 0.31-a0-217-g58bb5d79cf (webtiles) character file.

Game seed: 5841460584393462321

90442 qw the Severer (level 16, -10/104 HPs)
             Began as a Gargoyle Fighter on July 2, 2023.
             Was a High Priest of Okawaru.
             Mangled by an orc knight
             ... wielding a +0 war axe
              (13 damage)
             ... on level 2 of the Orcish Mines.
             The game lasted 00:12:56 (21590 turns).

qw the Severer (Gargoyle Fighter)                  Turns: 21590, Time: 00:12:57

Health: -10/104    AC: 39    Str: 32 (33) XL:     16   Next: 0%
Magic:  18/23      EV: 24    Int:  8 (9)  God:    Okawaru [*****.]
Gold:   3774       SH: 13    Dex: 17 (18) Spells: 15/15 levels left

rFire   + . .        Y - +3 broad axe (flame)
rCold   . . .        c - +0 buckler
rNeg    + . .        v - +0 plate armour "Lutrutenk" {rCorr Dex+7 SInv Stlth-}
rPois   inf          u - +2 helmet
rElec   +            f - +0 cloak
rCorr   +            h - +2 pair of gloves
SInv    +            (no boots)
Will    +....        k - amulet of reflection Stlth
                     o - ring "Hul Daopn" {rF+ EV+5 Str+5 Dex+2}
HPRegen 0.37/turn    q - +5 ring of evasion
MPRegen 0.18/turn

%: reflection
@: about to teleport, heroic, finesse-ful, flying
A: sickness immunity, AC +12, big wings, negative energy resistance 1,
electricity resistance, torment resistance 1, petrification resistance,
deterioration 1
a: Renounce Religion, Heroism, Finesse, Duel


You were on level 2 of the Orcish Mines.
You worshipped Okawaru.
Okawaru was extremely pleased with you.
You visited 4 branches of the dungeon, and saw 23 of its levels.
You also visited: Gauntlet.

You collected 3774 gold pieces.


Innate Abilities, Weirdness & Mutations

You are immune to sickness and miasma.
Your stone body is resilient. (AC +12)
You are immune to poison.
Your large and strong wings let you fly.
You resist negative energy. (rN+)
You are resistant to electric shocks. (rElec)
You are resistant to unholy torment.
You are immune to petrification.
Your body sometimes deteriorates upon taking damage.


   Skills:
 - Level 13.0(18.0) Fighting
 + Level 17.2(22.2) Axes
 - Level 7.0(12.0) Throwing
 - Level 12.0(17.0) Armour
 - Level 5.0(10.0) Dodging
 - Level 8.1(13.1) Shields
 - Level 10.0 Invocations


You had 15 spell levels left.
You didn't know any spells.
Your spell library was empty.

Inventory:

Hand Weapons
 Y - a +3 broad axe of flaming (weapon)
Missiles
 p - 17 boomerangs
 s - 3 silver javelins (quivered)
 x - 6 javelins
Armour
 c - a +0 buckler (worn)
 f - a +0 cloak (worn)
 h - a +2 pair of gloves (worn)
 n - the +1 helmet of Aseq {Will+ rCorr Str-5 Dex+3}
   (You found it in a Gauntlet)

   Str:       It affects your strength (-5).
   Dex:       It affects your dexterity (+3).
   rCorr:     It protects you from acid and corrosion.
   Will:      It increases your willpower.
 u - a +2 helmet (worn)
 v - the +0 plate armour "Lutrutenk" (worn) {rCorr Dex+7 SInv Stlth-}
   (Okawaru gifted it to you on level 5 of the Lair of Beasts)

   Dex:       It affects your dexterity (+7).
   SInv:      It lets you see invisible.
   rCorr:     It protects you from acid and corrosion.
   Stlth:     It makes you less stealthy.
 A - a +0 plate armour of fire resistance
 B - a +2 plate armour of cold resistance
Jewellery
 k - an amulet of reflection (around neck)
 o - the ring "Hul Daopn" (left hand) {rF+ EV+5 Str+5 Dex+2}
   (You found it in a Gauntlet)

   [ring of evasion]

   EV:        It affects your evasion (+5).
   Str:       It affects your strength (+5).
   Dex:       It affects your dexterity (+2).
   rF:        It protects you from fire.
 q - a +5 ring of evasion (right hand)
 y - a ring of fire
 z - a ring of protection from cold
Wands
 m - a wand of digging (17)
Scrolls
 g - 4 scrolls of identify
 j - 5 scrolls of teleportation
Potions
 a - a potion of cancellation
 b - 3 potions of curing
 d - 3 potions of might
 e - 6 potions of enlightenment
 i - a potion of resistance
 l - 2 potions of haste
 r - 2 potions of mutation
 t - a potion of attraction
 w - a potion of magic

Dungeon Overview and Level Annotations

Branches:
Dungeon (15/15)            Temple (1/1) D:4            Lair (5/5) D:8
  Swamp (0/4) Lair:2        Snake (0/4) Lair:3        Slime (0/5) Lair:4
    Orc (2/2) D:10            Elf (0/3) Orc:2        Vaults (0/5) D:13
 Depths (0/4) D:15        Gauntlet (visited)

Altars:
Ashenzari
Cheibriados
Dithmenos
Elyvilon
Fedhas
Gozag
Hepliaklqana
Kikubaaqudgha
Makhleb
Nemelex Xobeh
Okawaru
Qazlal
Ru
Sif Muna
Trog
Uskayaw
Vehumet
Wu Jian
Xom
Yredelemnul
Zin
The Shining One

Shops:
D:4 (   D:5 !   D:7 (

Portals:
Trove: D:13 (give 8 potions of haste)

Annotations:
D:3 1 runed translucent door, Crazy Yiuf
D:5 2 transporters
Lair:2 1 runed translucent door


Message History

The orc warlord blocks your attack.
The orc warlord is severely wounded.
The orc warlord hits you with a +0 long sword of holy wrath!!
21586 ||| READING 6 scrolls of teleportation.
As you read the scroll of teleportation, it crumbles to dust.
You feel strangely unstable.
The orc priest calls down the wrath of Beogh upon you.
Beogh smites you!
Your body deteriorates!
You feel weakened.
The orc warlord hits you but does no damage.
The orc sorcerer gestures at you while chanting.
The bolt of negative energy misses you.
The orc knight hits you with a +0 war axe!
You block the orc wizard's attack. The orc warlord blocks your attack.
The orc warlord is severely wounded.
You slice the orc sorcerer!! You burn the orc sorcerer.
You closely miss the orc wizard. You slash the orc knight!
You burn the orc knight.
You hit the orc sorcerer but do no damage.
The orc sorcerer is almost dead.
You hit the orc knight. You burn the orc knight. You slash the orc warlord!
You burn the orc warlord. You slash the orc wizard! You burn the orc wizard.
You kill the orc wizard!
Okawaru accepts your kill.
You slash the orc sorcerer!
You kill the orc sorcerer!
Okawaru accepts your kill.
The rust devil disappears in a puff of smoke!
You slash the orc knight! You burn the orc knight. You slice the orc warlord!!
You burn the orc warlord.
You have reached level 16!
You feel stronger. The orc warlord blocks your attack.
The orc warlord is almost dead.
You hit the orc knight but do no damage.
The orc knight no longer looks unusually strong.
The orc warlord roars a battlecry!
The orc knight goes into a battle-frenzy!
The orc knight hits you with a +0 war axe!
You die...

.........#..#.##
#.#.#..........#
########.#.#...#
#####..## #...#
#.))# ##))#####
#.))#..#
##)))@o#
#.))oo.o....
#....oo.....
#...(........
#....#..(.....
##............
##...#.#.....
##.# .#.....


You could see an orc warlord (strong), an orc knight (strong), 2 orc warriors,
an orc priest (strong) and an orc (strong).

Vanquished Creatures
  Frances (D:13)
  Kirke (D:14)
  Agnes (D:14)
  A fire giant (D:15)
  Nessos (D:12)
  A minotaur (Gauntlet)
  3 dire elephants (Lair:5)
  4 centaur warriors
  4 vault guards (D:13)
  2 hydras
  A boulder beetle (D:14)
  2 two-headed ogres
  5 death yaks
  3 orc high priests (Orc:2)
  A spectral dire elephant (Lair:5)
  A wretched star (Gauntlet)
  A deep elf knight (D:14)
  5 skeletal warriors (D:13)
  2 spectral death yaks (Lair:5)
  Lodul (D:13)
  A spectral anaconda (Lair:5)
  3 orc knights
  3 necromancers (Lair:5)
  An obsidian statue (Lair:5)
  A mana viper (shapeshifter) (D:15)
  16 ugly things
  3 orc sorcerers (Orc:2)
  3 deep elf pyromancers
  An oklob plant (Lair:5)
  3 manticores
  5 cyclopes
  10 black mambas
  16 elephants
  A moth of wrath (Gauntlet)
  A dire elephant zombie (Lair:5)
  7 centaur zombies (D:10)
  A dire elephant skeleton (Lair:5)
  A torpor snail (Lair:4)
  2 rime drakes
  Maggie (D:9)
  9 cane toads
  A freezing wraith (D:14)
  7 komodo dragons
  An unseen horror zombie (D:10)
  2 yaktaurs (D:15)
  A tengu conjurer (D:15)
  4 kobold demonologists
  5 trolls
  3 meliai (Gauntlet)
  A polar bear (Lair:1)
  A dream sheep (shapeshifter) (D:14)
  7 dream sheep (Lair:4)
  2 hornets
  17 blink frogs
  8 slime creatures
  3 shadows
  2 wyverns
  36 yaks
  8 vampires
  2 hogs (D:14)
  5 wraiths
  A fire bat (shapeshifter) (D:14)
  5 humans (D:14)
  A steam dragon (D:6)
  A death yak simulacrum (Lair:5)
  2 neqoxecs (Gauntlet)
  2 vampire mosquitoes (D:12)
  A warg (Orc:2)
  3 nagas (Lair:3)
  14 water moccasins
  A spectral cane toad (Lair:5)
  A swamp drake (D:10)
  15 orc warriors
  4 black bears
  14 ogres
  2 elephant skeletons (Lair:5)
  15 wolves
  14 centaurs
  A kobold brigand (D:14)
  15 bullfrogs
  A cane toad simulacrum (Lair:5)
  3 gnoll sergeants
  4 scorpions
  5 wights (D:10)
  An elephant simulacrum (Lair:5)
  8 killer bees
  4 electric eels
  3 hounds (D:5)
  3 jellies
  15 orc priests
  A sleepcap (D:5)
  A gnoll bouda (D:7)
  Terence (D:3)
  4 iguanas
  25 orc wizards
  A howler monkey zombie (D:10)
  19 gnolls
  7 adders
  An ufetubus (D:5)
  2 worms (D:3)
  2 dart slugs
  66 orcs
  9 ball pythons
  5 bats
  6 endoplasms
  4 giant cockroaches
  5 goblins
  8 hobgoblins
  6 jackals (D:3)
  13 kobolds
  6 quokkas
  3 frilled lizards (D:1)
  8 rats
608 creatures vanquished.

Vanquished Creatures (others)
  2 orc wizards (Orc:2)
  A shadow imp (D:6)
3 creatures vanquished.

Grand Total: 611 creatures vanquished

Notes
Turn   | Place    | Note
-------+----------+-------------------------------------------
     0 | D:1      | qw the Gargoyle Fighter began the quest for the Orb.
     0 | D:1      | Reached XP level 1. HP: 14/14 MP: 1/1
     0 | D:1      | 0 ||| qw: Version: 0.3-a-40-ge99b1a8
     0 | D:1      | 0 ||| qw: Game counter: 8011
     0 | D:1      | 0 ||| qw: Melee chars always use a shield: true
     0 | D:1      | 0 ||| qw: God list: Okawaru
     0 | D:1      | 0 ||| qw: Allow faded altars: false
     0 | D:1      | 0 ||| qw: Do Orc after clearing Dungeon:15 true
     0 | D:1      | 0 ||| qw: Do second Lair branch before Depths: true
     0 | D:1      | 0 ||| qw: Lair rune preference: random
     0 | D:1      | 0 ||| qw: Goals: Normal, Zot:1-4, Slime:5, God:TSO, Crypt,
                  | Tomb, Abyss, Pan, Hells, Win
     0 | D:1      | 0 ||| PLANNING D:1-11
    26 | D:1      | 26 ||| Stepping ~*~*~tactically~*~*~ (hiding).
    37 | D:1      | Reached skill level 2 in Axes
   100 | D:1      | Reached XP level 2. HP: 19/19 MP: 2/2
   438 | D:1      | Reached skill level 3 in Axes
   463 | D:1      | 463 ||| Stepping ~*~*~tactically~*~*~ (hiding).
   545 | D:1      | Reached XP level 3. HP: 23/23 MP: 3/3
   628 | D:1      | 628 ||| Stepping ~*~*~tactically~*~*~ (stealth).
   637 | D:1      | 637 ||| Stepping ~*~*~tactically~*~*~ (stealth).
   638 | D:1      | 638 ||| Stepping ~*~*~tactically~*~*~ (stealth).
   738 | D:1      | 738 ||| Stepping ~*~*~tactically~*~*~ (hiding).
   739 | D:1      | 739 ||| Stepping ~*~*~tactically~*~*~ (hiding).
   839 | D:1      | 839 ||| UPGRADING to +0 chain mail.
   849 | D:1      | 849 ||| DROPPING +0 scale mail.
   850 | D:1      | 850 ||| DROPPING amulet of magic regeneration.
   851 | D:1      | 851 ||| READING scroll labelled DESCHO WUEGI.
   852 | D:1      | 852 ||| READING 4 scrolls labelled XEOTAFU RACE.
   853 | D:1      | 853 ||| READING scroll labelled BIRU QOMOTA.
   857 | D:1      | 857 ||| DRINKING 2 viscous emerald potions.
   865 | D:1      | 865 ||| READING 3 scrolls of identify.
   865 | D:1      | 865 ||| IDENTIFYING bubbling emerald potion
   866 | D:1      | 866 ||| DROPPING potion of ambrosia.
  1057 | D:2      | Found a shimmering blue altar of Sif Muna.
  1245 | D:2      | You fall into a shaft and drop 2 floors!
  1258 | D:4      | 1258 ||| UPGRADING to ring of protection from cold.
  1259 | D:4      | 1259 ||| READING 2 scrolls labelled SEOB CIAXAACS.
  1260 | D:4      | 1260 ||| PLANNING TEMPLE
  1260 | D:4      | 1260 ||| READING scroll labelled PISOPLAOGO.
  1261 | D:4      | 1261 ||| READING scroll labelled KUOFEU UBIRYI.
  1262 | D:4      | 1262 ||| READING 2 scrolls of identify.
  1262 | D:4      | 1262 ||| IDENTIFYING metallic black potion
  1263 | D:4      | 1263 ||| DROPPING scroll of revelation.
  1320 | D:4      | Found a staircase to the Ecumenical Temple.
  1325 | Temple   | Entered the Ecumenical Temple
  1326 | Temple   | 1326 ||| PLANNING OKAWARU WORSHIP
  1422 | Temple   | Became a worshipper of Warmaster Okawaru
  1423 | Temple   | 1423 ||| PLANNING D:1-11
  1440 | D:4      | 1440 ||| FLEEEEING.
  1441 | D:4      | 1441 ||| FLEEEEING.
  1442 | D:4      | 1442 ||| FLEEEEING.
  1443 | D:4      | 1443 ||| FLEEEEING.
  1444 | D:4      | 1444 ||| FLEEEEING.
  1445 | D:4      | 1445 ||| FLEEEEING.
  1446 | D:4      | 1446 ||| FLEEEEING.
  1447 | D:4      | 1447 ||| FLEEEEING.
  1474 | D:3      | Identified the +7 hand axe of World Downfall {flame, *Slow
                  | rElec rN++ SInv}
  1476 | D:3      | 1476 ||| SWAPPING to +7 hand axe of World Downfall {flame,
                  | *Slow rElec rN++ SInv}.
  1477 | D:3      | 1477 ||| DROPPING +0 whip.
  1484 | D:3      | 1484 ||| Stepping ~*~*~tactically~*~*~ (hiding).
  1599 | D:3      | 1599 ||| FLEEEEING.
  1600 | D:3      | 1600 ||| STAIRDANCE
  1638 | D:2      | Reached XP level 4. HP: 28/28 MP: 4/4
  1671 | D:2      | 1671 ||| Stepping ~*~*~tactically~*~*~ (hiding).
  1676 | D:2      | 1676 ||| Stepping ~*~*~tactically~*~*~ (hiding).
  2130 | D:2      | 2130 ||| UPGRADING to +0 plate armour.
  2140 | D:2      | 2140 ||| DROPPING +0 chain mail.
  2141 | D:2      | 2141 ||| READING scroll labelled YXERAIGHOQON.
  2174 | D:3      | Reached skill level 4 in Axes
  2199 | D:3      | 2199 ||| Stepping ~*~*~tactically~*~*~ (stealth).
  2200 | D:3      | 2200 ||| Stepping ~*~*~tactically~*~*~ (stealth).
  2201 | D:3      | 2201 ||| Stepping ~*~*~tactically~*~*~ (stealth).
  2267 | D:3      | 2267 ||| Stepping ~*~*~tactically~*~*~ (stealth).
  2268 | D:3      | 2268 ||| Stepping ~*~*~tactically~*~*~ (stealth).
  2291 | D:3      | 2291 ||| Stepping ~*~*~tactically~*~*~ (stealth).
  2292 | D:3      | 2292 ||| Stepping ~*~*~tactically~*~*~ (stealth).
  2326 | D:3      | 2326 ||| Stepping ~*~*~tactically~*~*~ (stealth).
  2327 | D:3      | Found a stormy altar of Qazlal.
  2377 | D:3      | Noticed Terence
  2382 | D:3      | Killed Terence
  2511 | D:3      | 2511 ||| READING scroll of enchant armour.
  2511 | D:3      | 2511 ||| ENCHANTING +0 plate armour.
  2539 | D:3      | Reached XP level 5. HP: 32/32 MP: 5/5
  2850 | D:3      | Found a runed translucent door.
  2851 | D:3      | Noticed Crazy Yiuf
  2854 | D:3      | 2854 ||| UPGRADING to +0 pair of gloves.
  2859 | D:3      | 2859 ||| READING scroll labelled ZEAXALU QYASERU.
  2966 | D:4      | Found a hazy altar of Hepliaklqana.
  2983 | D:4      | Identified the +0 flail of the Seven Youths {heavy, rF-
                  | Will+ Int+2 Dex+3}
  3129 | D:4      | 3129 ||| Stepping ~*~*~tactically~*~*~ (stealth).
  3138 | D:4      | Noticed an ogre
  3146 | D:4      | Killed an ogre
  3146 | D:4      | Reached * piety under Okawaru
  3147 | D:4      | Reached skill level 5 in Axes
  3147 | D:4      | Reached XP level 6. HP: 21/37 MP: 6/6
  3312 | D:4      | 3312 ||| INVOKING Heroism.
  3323 | D:4      | 3323 ||| INVOKING Heroism.
  3489 | D:4      | Found Xigakhla's Weapon Boutique.
  3548 | D:4      | Found a burning altar of Makhleb.
  3802 | D:4      | 3802 ||| UPGRADING to amulet of the acrobat.
  3807 | D:4      | 3807 ||| UPGRADING to ring of willpower.
  3813 | D:5      | Entered Level 5 of the Dungeon
  3911 | D:5      | Reached skill level 1 in Invocations
  3938 | D:5      | 3938 ||| INVOKING Heroism.
  3943 | D:5      | Reached XP level 7. HP: 43/43 MP: 4/7
  3945 | D:5      | Reached skill level 6 in Axes
  4005 | D:5      | Found a transporter.
  4005 | D:5      | Found Gifunles's Distillery.
  4011 | D:5      | 4011 ||| Stepping ~*~*~tactically~*~*~ (stealth).
  4105 | D:5      | 4105 ||| Stepping ~*~*~tactically~*~*~ (stealth).
  4106 | D:5      | 4106 ||| Stepping ~*~*~tactically~*~*~ (stealth).
  4107 | D:5      | 4107 ||| Stepping ~*~*~tactically~*~*~ (stealth).
  4108 | D:5      | 4108 ||| Stepping ~*~*~tactically~*~*~ (stealth).
  4138 | D:5      | 4138 ||| Stepping ~*~*~tactically~*~*~ (stealth).
  4140 | D:5      | 4140 ||| INVOKING Heroism.
  4143 | D:5      | Reached skill level 3 in Invocations
  4184 | D:5      | 4184 ||| Stepping ~*~*~tactically~*~*~ (hiding).
  4494 | D:5      | Reached ** piety under Okawaru
  4598 | D:5      | Reached XP level 8. HP: 41/48 MP: 10/10
  4668 | D:5      | Found a transporter.
  4948 | D:6      | Reached skill level 7 in Axes
  5081 | D:6      | 5081 ||| INVOKING Heroism.
  5155 | D:6      | 5155 ||| INVOKING Heroism.
  5251 | D:6      | Noticed a wraith
  5259 | D:6      | 5259 ||| INVOKING Heroism.
  5260 | D:6      | Killed a wraith
  5356 | D:6      | 5356 ||| INVOKING Heroism.
  5357 | D:6      | 5357 ||| Stepping ~*~*~tactically~*~*~ (cloud).
  5361 | D:6      | 5361 ||| Stepping ~*~*~tactically~*~*~ (cloud).
  5507 | D:6      | 5507 ||| INVOKING Heroism.
  5845 | D:6      | 5845 ||| READING 3 scrolls of identify.
  5845 | D:6      | 5845 ||| IDENTIFYING yellow potion
  5846 | D:6      | 5846 ||| READING 2 scrolls of identify.
  5846 | D:6      | 5846 ||| IDENTIFYING ruby potion
  5847 | D:6      | 5847 ||| DRINKING potion of experience.
  5847 | D:6      | Reached skill level 13 in Axes
  5847 | D:6      | Reached XP level 9. HP: 54/54 MP: 12/12
  5925 | D:7      | 5925 ||| Stepping ~*~*~tactically~*~*~ (hiding).
  5927 | D:7      | 5927 ||| Stepping ~*~*~tactically~*~*~ (stealth).
  5933 | D:7      | 5933 ||| INVOKING Heroism.
  5975 | D:7      | 5975 ||| Stepping ~*~*~tactically~*~*~ (stealth).
  6066 | D:7      | Found Noxzynn's Antique Weapon Shop.
  6122 | D:7      | 6122 ||| INVOKING Heroism.
  6145 | D:7      | 6145 ||| Stepping ~*~*~tactically~*~*~ (stealth).
  6148 | D:7      | 6148 ||| Stepping ~*~*~tactically~*~*~ (stealth).
  6150 | D:7      | 6150 ||| Stepping ~*~*~tactically~*~*~ (stealth).
  6151 | D:7      | 6151 ||| Stepping ~*~*~tactically~*~*~ (stealth).
  6152 | D:7      | 6152 ||| Stepping ~*~*~tactically~*~*~ (stealth).
  6250 | D:7      | Found a broken altar of Ashenzari.
  6251 | D:7      | 6251 ||| READING 2 scrolls of identify.
  6251 | D:7      | 6251 ||| IDENTIFYING fizzy purple potion
  6428 | D:8      | 6428 ||| Stepping ~*~*~tactically~*~*~ (stealth).
  6430 | D:8      | 6430 ||| Stepping ~*~*~tactically~*~*~ (hiding).
  6433 | D:8      | 6433 ||| Stepping ~*~*~tactically~*~*~ (hiding).
  6439 | D:8      | Reached XP level 10. HP: 60/60 MP: 13/13
  6451 | D:8      | Reached skill level 6 in Fighting
  6451 | D:8      | 6451 ||| Stepping ~*~*~tactically~*~*~ (stealth).
  6452 | D:8      | 6452 ||| Stepping ~*~*~tactically~*~*~ (stealth).
  6454 | D:8      | 6454 ||| Stepping ~*~*~tactically~*~*~ (stealth).
  6471 | D:8      | Found an ancient bone altar of Kikubaaqudgha.
  6531 | D:8      | 6531 ||| FLEEEEING.
  6537 | D:8      | 6537 ||| FLEEEEING.
  6538 | D:8      | 6538 ||| FLEEEEING.
  6539 | D:8      | 6539 ||| FLEEEEING.
  6540 | D:8      | 6540 ||| Stepping ~*~*~tactically~*~*~ (hiding).
  6542 | D:8      | 6542 ||| Stepping ~*~*~tactically~*~*~ (hiding).
  6546 | D:8      | 6546 ||| Stepping ~*~*~tactically~*~*~ (hiding).
  6588 | D:8      | 6588 ||| Stepping ~*~*~tactically~*~*~ (hiding).
  6657 | D:8      | Found a staircase to the Lair.
  6878 | D:8      | 6878 ||| PLANNING LAIR
  6878 | D:8      | 6878 ||| READING scroll labelled ULLIULLIRHE.
  6879 | D:8      | 6879 ||| READING scroll labelled GISOIQ KEKACA.
  6879 | D:8      | Identified a scroll of acquirement
  6879 | D:8      | 6879 ||| ACQUIRING 766 gold pieces
  6879 | D:8      | Acquired 766 gold pieces
  6911 | Lair:1   | Entered Level 1 of the Lair of Beasts
  6926 | Lair:1   | Noticed a cane toad
  6927 | Lair:1   | 6927 ||| INVOKING Heroism.
  6935 | Lair:1   | Killed a cane toad
  7018 | Lair:1   | 7018 ||| Stepping ~*~*~tactically~*~*~ (stealth).
  7044 | Lair:1   | 7044 ||| Stepping ~*~*~tactically~*~*~ (stealth).
  7047 | Lair:1   | 7047 ||| Stepping ~*~*~tactically~*~*~ (stealth).
  7139 | Lair:1   | 7139 ||| INVOKING Heroism.
  7142 | Lair:1   | Reached *** piety under Okawaru
  7143 | Lair:1   | Reached skill level 6 in Armour
  7169 | Lair:1   | 7169 ||| INVOKING Heroism.
  7231 | Lair:1   | Noticed a black mamba
  7232 | Lair:1   | 7232 ||| INVOKING Heroism.
  7235 | Lair:1   | Killed a black mamba
  7298 | Lair:1   | 7298 ||| INVOKING Heroism.
  7310 | Lair:1   | Reached XP level 11. HP: 66/68 MP: 12/14
  7382 | Lair:1   | Found a frozen archway.
  7411 | Lair:1   | 7411 ||| INVOKING Heroism.
  7415 | Lair:1   | Reached skill level 3 in Throwing
  7473 | Lair:1   | 7473 ||| Stepping ~*~*~tactically~*~*~ (stealth).
  7588 | Lair:1   | 7588 ||| INVOKING Heroism.
  7620 | Lair:1   | 7620 ||| READING scroll of enchant armour.
  7620 | Lair:1   | 7620 ||| ENCHANTING +0 pair of gloves.
  7678 | Lair:1   | 7678 ||| INVOKING Heroism.
  7912 | Lair:1   | 7912 ||| DROPPING +1 pair of gloves.
  7913 | Lair:1   | 7913 ||| UPGRADING to +4 ring of protection.
  7915 | Lair:1   | 7915 ||| UPGRADING to ring of protection from cold.
  7917 | Lair:1   | 7917 ||| READING 2 scrolls of identify.
  7917 | Lair:1   | 7917 ||| IDENTIFYING sapphire potion
  7918 | Lair:1   | 7918 ||| DROPPING potion of brilliance.
  7944 | Lair:2   | 7944 ||| STAIRDANCE
  8014 | Lair:2   | 8014 ||| INVOKING Heroism.
  8219 | Lair:2   | Reached skill level 9 in Fighting
  8238 | Lair:2   | Found a runed translucent door.
  8240 | Lair:2   | 8240 ||| INVOKING Heroism.
  8263 | Lair:2   | 8263 ||| READING scroll of enchant armour.
  8263 | Lair:2   | 8263 ||| ENCHANTING +1 pair of gloves.
  8264 | Lair:2   | You fall into a shaft and drop 1 floor!
  8269 | Lair:3   | Reached **** piety under Okawaru
  8314 | Lair:3   | Noticed a five-headed hydra
  8316 | Lair:3   | 8316 ||| INVOKING Heroism.
  8329 | Lair:3   | Killed a one-headed hydra
  8329 | Lair:3   | Received a gift from Okawaru
  8388 | Lair:3   | 8388 ||| INVOKING Heroism.
  8416 | Lair:3   | Reached skill level 6 in Shields
  8497 | Lair:3   | 8497 ||| Stepping ~*~*~tactically~*~*~ (hiding).
  8539 | Lair:3   | 8539 ||| Stepping ~*~*~tactically~*~*~ (stealth).
  8552 | Lair:3   | Reached skill level 6 in Invocations
  8585 | Lair:3   | 8585 ||| READING scroll labelled DIZXYN SAOCKO.
  8586 | Lair:3   | 8586 ||| DRINKING 2 sedimented cyan potions.
  8587 | Lair:3   | 8587 ||| READING 3 scrolls of identify.
  8587 | Lair:3   | 8587 ||| IDENTIFYING silvery potion
  8588 | Lair:3   | 8588 ||| DROPPING potion of degeneration.
  8617 | Lair:2   | 8617 ||| INVOKING Heroism.
  8631 | Lair:2   | Received a gift from Okawaru
  8632 | Lair:2   | Reached XP level 12. HP: 23/76 MP: 14/16
  8634 | Lair:2   | HP: 18/76 [elephant (6)]
  8635 | Lair:2   | 8635 ||| READING 4 scrolls of teleportation.
  8635 | Lair:2   | HP: 5/76 [elephant (13)]
  8636 | Lair:2   | 8636 ||| DRINKING potion of heal wounds.
  8981 | Lair:2   | Found a staircase to the Swamp.
  9231 | Lair:2   | 9231 ||| Stepping ~*~*~tactically~*~*~ (stealth).
  9233 | Lair:2   | 9233 ||| Stepping ~*~*~tactically~*~*~ (stealth).
  9332 | Lair:2   | 9332 ||| UPGRADING to +1 helmet.
  9337 | Lair:2   | 9337 ||| READING scroll labelled VEFENUL REOHUPO.
  9364 | Lair:3   | 9364 ||| INVOKING Heroism.
  9693 | Lair:3   | 9693 ||| Stepping ~*~*~tactically~*~*~ (hiding).
  9694 | Lair:3   | 9694 ||| Stepping ~*~*~tactically~*~*~ (hiding).
  9697 | Lair:3   | 9697 ||| Stepping ~*~*~tactically~*~*~ (hiding).
  9698 | Lair:3   | 9698 ||| Stepping ~*~*~tactically~*~*~ (hiding).
  9704 | Lair:3   | 9704 ||| Stepping ~*~*~tactically~*~*~ (hiding).
  9767 | Lair:3   | Found a staircase to the Snake Pit.
  9883 | Lair:3   | 9883 ||| INVOKING Heroism.
  9972 | Lair:3   | Reached skill level 9 in Armour
 10362 | Lair:3   | 10362 ||| DROPPING ring of willpower.
 10363 | Lair:3   | 10363 ||| UPGRADING to +5 ring of evasion.
 10365 | Lair:3   | 10365 ||| UPGRADING to +4 ring of protection.
 10402 | Lair:4   | Received a gift from Okawaru
 10413 | Lair:4   | 10413 ||| STAIRDANCE
 10418 | Lair:3   | Reached ***** piety under Okawaru
 10508 | Lair:4   | 10508 ||| Stepping ~*~*~tactically~*~*~ (stealth).
 10544 | Lair:4   | Found a staircase to the Slime Pits.
 10689 | Lair:4   | 10689 ||| Stepping ~*~*~tactically~*~*~ (stealth).
 10702 | Lair:4   | Reached skill level 9 in Invocations
 10953 | Lair:4   | 10953 ||| INVOKING Heroism.
 10988 | Lair:4   | Noticed a death yak
 10989 | Lair:4   | Noticed a death yak
 10989 | Lair:4   | 10989 ||| INVOKING Finesse.
 10989 | Lair:4   | Noticed a death yak
 10991 | Lair:4   | Noticed a death yak
 11000 | Lair:4   | Killed a death yak
 11002 | Lair:4   | 11002 ||| INVOKING Heroism.
 11005 | Lair:4   | Killed a death yak
 11017 | Lair:4   | Killed a death yak
 11019 | Lair:4   | Killed a death yak
 11020 | Lair:4   | Reached XP level 13. HP: 84/84 MP: 14/20
 11293 | Lair:4   | 11293 ||| DROPPING ring of see invisible.
 11294 | Lair:4   | 11294 ||| DROPPING +6 ring of intelligence.
 11295 | Lair:4   | 11295 ||| READING scroll labelled NEYCAI NUPSI.
 11411 | Lair:5   | Entered Level 5 of the Lair of Beasts
 11422 | Lair:5   | 11422 ||| Stepping ~*~*~tactically~*~*~ (stealth).
 11423 | Lair:5   | 11423 ||| Stepping ~*~*~tactically~*~*~ (stealth).
 11427 | Lair:5   | 11427 ||| FLEEEEING.
 11428 | Lair:5   | 11428 ||| FLEEEEING.
 11429 | Lair:5   | 11429 ||| FLEEEEING.
 11433 | Lair:5   | 11433 ||| INVOKING Heroism.
 11439 | Lair:5   | Received a gift from Okawaru
 11498 | Lair:5   | Reached skill level 12 in Fighting
 11500 | Lair:5   | 11500 ||| INVOKING Heroism.
 11704 | Lair:5   | 11704 ||| INVOKING Heroism.
 11797 | Lair:5   | Noticed a dire elephant
 11797 | Lair:5   | Noticed a dire elephant
 11842 | Lair:5   | Identified the +0 plate armour "Lutrutenk" {rCorr Dex+7
                  | SInv Stlth-} (Okawaru gifted it to you on level 5 of the
                  | Lair of Beasts)
 11842 | Lair:5   | Received a gift from Okawaru
 11909 | Lair:5   | Noticed a dire elephant
 11910 | Lair:5   | 11910 ||| INVOKING Heroism.
 11928 | Lair:5   | Killed a dire elephant
 12110 | Lair:5   | Reached skill level 6 in Throwing
 12110 | Lair:5   | 12110 ||| INVOKING Heroism.
 12203 | Lair:5   | Identified the +7 sling "Ruvim" {speed, rF++ Str-5 Int+6}
 12280 | Lair:5   | 12280 ||| INVOKING Heroism.
 12482 | Lair:5   | 12482 ||| Stepping ~*~*~tactically~*~*~ (stealth).
 12529 | Lair:5   | 12529 ||| INVOKING Heroism.
 12538 | Lair:5   | Reached skill level 3 in Dodging
 12538 | Lair:5   | 12538 ||| Stepping ~*~*~tactically~*~*~ (water).
 12555 | Lair:5   | Killed a dire elephant
 12556 | Lair:5   | Gained mutation: Your large and strong wings let you fly.
                  | [Gargoyle growth]
 12556 | Lair:5   | Reached XP level 14. HP: 51/92 MP: 21/21
 12563 | Lair:5   | Killed a dire elephant
 12715 | Lair:5   | 12715 ||| INVOKING Heroism.
 12716 | Lair:5   | 12716 ||| INVOKING Finesse.
 12776 | Lair:5   | 12776 ||| INVOKING Heroism.
 12777 | Lair:5   | 12777 ||| INVOKING Finesse.
 12819 | Lair:5   | 12819 ||| INVOKING Heroism.
 12820 | Lair:5   | 12820 ||| INVOKING Finesse.
 12880 | Lair:5   | 12880 ||| SWAPPING to +2 broad axe of draining.
 12881 | Lair:5   | 12881 ||| READING scroll of enchant weapon.
 12881 | Lair:5   | 12881 ||| ENCHANTING +2 broad axe of draining.
 12927 | Lair:5   | Found a blossoming altar of Fedhas.
 12946 | Lair:5   | 12946 ||| INVOKING Heroism.
 13683 | Lair:5   | 13683 ||| PLANNING D:1-11
 13683 | Lair:5   | 13683 ||| UPGRADING to +0 plate armour "Lutrutenk" {rCorr
                  | Dex+7 SInv Stlth-}.
 13693 | Lair:5   | 13693 ||| DROPPING +1 plate armour.
 13694 | Lair:5   | 13694 ||| READING 4 scrolls of identify.
 13694 | Lair:5   | 13694 ||| IDENTIFYING green potion
 13695 | Lair:5   | 13695 ||| READING 3 scrolls of identify.
 13695 | Lair:5   | 13695 ||| IDENTIFYING fizzy dark potion
 13696 | Lair:5   | 13696 ||| DROPPING potion of berserk rage.
 13909 | D:9      | 13909 ||| DRINKING 3 potions of curing.
 13909 | D:9      | 13909 ||| (to cure confusion)
 13938 | D:9      | 13938 ||| Stepping ~*~*~tactically~*~*~ (stealth).
 13939 | D:9      | 13939 ||| Stepping ~*~*~tactically~*~*~ (stealth).
 13940 | D:9      | 13940 ||| Stepping ~*~*~tactically~*~*~ (stealth).
 13978 | D:9      | 13978 ||| Stepping ~*~*~tactically~*~*~ (hiding).
 13979 | D:9      | 13979 ||| Stepping ~*~*~tactically~*~*~ (hiding).
 14206 | D:9      | Noticed Maggie
 14207 | D:9      | 14207 ||| Stepping ~*~*~tactically~*~*~ (hiding).
 14208 | D:9      | 14208 ||| Stepping ~*~*~tactically~*~*~ (hiding).
 14210 | D:9      | 14210 ||| Stepping ~*~*~tactically~*~*~ (hiding).
 14222 | D:9      | Killed Maggie
 14269 | D:9      | Found a flagged portal.
 14388 | D:9      | 14388 ||| READING scroll labelled AHUROEMANI.
 14389 | D:9      | 14389 ||| DROPPING +7 hand axe of World Downfall {flame,
                  | *Slow rElec rN++ SInv}.
 14390 | D:9      | 14390 ||| DROPPING +0 war axe.
 14404 | D:10     | Entered Level 10 of the Dungeon
 14433 | D:10     | 14433 ||| DRINKING 2 potions of curing.
 14433 | D:10     | 14433 ||| (to cure confusion)
 14440 | D:10     | 14440 ||| DRINKING potion of curing.
 14440 | D:10     | 14440 ||| (to cure confusion)
 14473 | D:10     | 14473 ||| FLEEEEING.
 14474 | D:10     | 14474 ||| FLEEEEING.
 14475 | D:10     | 14475 ||| FLEEEEING.
 14476 | D:10     | 14476 ||| Stepping ~*~*~tactically~*~*~ (stealth).
 14516 | D:10     | Received a gift from Okawaru
 14533 | D:10     | 14533 ||| FLEEEEING.
 14535 | D:10     | 14535 ||| FLEEEEING.
 14545 | D:10     | 14545 ||| STAIRDANCE
 14695 | D:10     | 14695 ||| FLEEEEING.
 14696 | D:10     | 14696 ||| FLEEEEING.
 14697 | D:10     | 14697 ||| FLEEEEING.
 14698 | D:10     | 14698 ||| FLEEEEING.
 14699 | D:10     | 14699 ||| FLEEEEING.
 14700 | D:10     | 14700 ||| FLEEEEING.
 14701 | D:10     | 14701 ||| FLEEEEING.
 14702 | D:10     | 14702 ||| FLEEEEING.
 14703 | D:10     | 14703 ||| FLEEEEING.
 14704 | D:10     | 14704 ||| FLEEEEING.
 14705 | D:10     | 14705 ||| FLEEEEING.
 14706 | D:10     | 14706 ||| FLEEEEING.
 14749 | D:10     | Found a staircase to the Orcish Mines.
 14753 | D:10     | 14753 ||| FLEEEEING.
 14754 | D:10     | 14754 ||| FLEEEEING.
 14755 | D:10     | 14755 ||| FLEEEEING.
 14756 | D:10     | 14756 ||| FLEEEEING.
 14757 | D:10     | 14757 ||| FLEEEEING.
 14758 | D:10     | 14758 ||| FLEEEEING.
 14759 | D:10     | 14759 ||| FLEEEEING.
 14760 | D:10     | 14760 ||| FLEEEEING.
 14761 | D:10     | 14761 ||| FLEEEEING.
 14762 | D:10     | 14762 ||| FLEEEEING.
 14763 | D:10     | 14763 ||| FLEEEEING.
 14764 | D:10     | 14764 ||| FLEEEEING.
 14765 | D:10     | 14765 ||| FLEEEEING.
 14766 | D:10     | 14766 ||| FLEEEEING.
 14767 | D:10     | 14767 ||| FLEEEEING.
 14768 | D:10     | 14768 ||| FLEEEEING.
 14769 | D:10     | 14769 ||| FLEEEEING.
 14901 | D:10     | Reached skill level 14 in Axes
 14985 | D:10     | Found a snail-covered altar of Cheibriados.
 15221 | D:10     | 15221 ||| UPGRADING to +0 cloak.
 15418 | D:11     | 15418 ||| Stepping ~*~*~tactically~*~*~ (hiding).
 15434 | D:11     | 15434 ||| Stepping ~*~*~tactically~*~*~ (stealth).
 15638 | D:11     | 15638 ||| PLANNING D
 15638 | D:11     | 15638 ||| READING 3 scrolls of identify.
 15638 | D:11     | 15638 ||| IDENTIFYING orange potion
 15660 | D:12     | 15660 ||| PLANNING GAUNTLET
 15673 | D:12     | Found a gate leading to a gauntlet.
 15682 | Gauntlet | Entered a Gauntlet
 15682 | Gauntlet | Found a transporter.
 15682 | Gauntlet | Found a transporter.
 15686 | Gauntlet | Found a transporter.
 15686 | Gauntlet | Found a transporter.
 15696 | Gauntlet | Found a transporter.
 15703 | Gauntlet | Found a transporter.
 15704 | Gauntlet | Found a transporter.
 15706 | Gauntlet | Found a transporter.
 15710 | Gauntlet | Found a transporter.
 15744 | Gauntlet | Found a transporter.
 15746 | Gauntlet | Found a large runed translucent door.
 15776 | Gauntlet | Found a transporter.
 15780 | Gauntlet | Found a large runed translucent door.
 15816 | Gauntlet | Found a transporter.
 15818 | Gauntlet | Found a large runed translucent door.
 15818 | Gauntlet | Found a large runed translucent door.
 15819 | Gauntlet | Found a large runed translucent door.
 15819 | Gauntlet | Found a large runed translucent door.
 15820 | Gauntlet | Found a runed translucent door.
 15820 | Gauntlet | Found a large runed translucent door.
 15820 | Gauntlet | Found a runed translucent door.
 15820 | Gauntlet | Found a large runed translucent door.
 15820 | Gauntlet | Found a large runed translucent door.
 15823 | Gauntlet | Found a large runed translucent door.
 15823 | Gauntlet | Found a large runed translucent door.
 15824 | Gauntlet | Found a large runed translucent door.
 15824 | Gauntlet | Found a large runed translucent door.
 15827 | Gauntlet | Found a large runed translucent door.
 15827 | Gauntlet | Found a large runed translucent door.
 15828 | Gauntlet | Found a runed translucent gate.
 15828 | Gauntlet | Found a runed translucent gate.
 15828 | Gauntlet | Found a runed translucent gate.
 15830 | Gauntlet | Found a transporter.
 15840 | Gauntlet | Found a large runed translucent door.
 15915 | Gauntlet | Found a transporter.
 15931 | Gauntlet | Found a transporter.
 15953 | Gauntlet | Found a transporter.
 16035 | Gauntlet | 16035 ||| ZAPPING wand of digging (10).
 16036 | Gauntlet | 16036 ||| ZAPPING wand of digging (9).
 16040 | Gauntlet | 16040 ||| INVOKING Heroism.
 16058 | Gauntlet | 16058 ||| UPGRADING to amulet of reflection.
 16068 | Gauntlet | 16068 ||| DROPPING amulet of the acrobat.
 16069 | Gauntlet | 16069 ||| DROPPING amulet of guardian spirit.
 16087 | Gauntlet | 16087 ||| INVOKING Heroism.
 16142 | Gauntlet | Identified the ring "Hul Daopn" {rF+ EV+5 Str+5 Dex+2}
 16149 | Gauntlet | 16149 ||| DROPPING ring of ice.
 16150 | Gauntlet | 16150 ||| UPGRADING to ring "Hul Daopn" {rF+ EV+5 Str+5
                  | Dex+2}.
 16152 | Gauntlet | 16152 ||| UPGRADING to +5 ring of evasion.
 16154 | Gauntlet | 16154 ||| DROPPING +4 ring of protection.
 16155 | Gauntlet | 16155 ||| READING 2 scrolls of identify.
 16155 | Gauntlet | 16155 ||| IDENTIFYING white potion
 16156 | Gauntlet | 16156 ||| DROPPING potion of invisibility.
 16174 | Gauntlet | Gained mutation: Your body sometimes deteriorates upon
                  | taking damage. [a neqoxec]
 16183 | Gauntlet | 16183 ||| INVOKING Heroism.
 16184 | Gauntlet | HP: 1/92 [wretched star/lance of force (28)]
 16185 | Gauntlet | 16185 ||| DRINKING 2 potions of heal wounds.
 16186 | Gauntlet | 16186 ||| DRINKING potion of heal wounds.
 16314 | Gauntlet | Identified the +1 helmet of Aseq {Will+ rCorr Str-5 Dex+3}
 16371 | Gauntlet | Identified the +3 sling "Cealal" {speed, Int+3}
 16372 | Gauntlet | 16372 ||| INVOKING Heroism.
 16494 | Gauntlet | 16494 ||| READING scroll labelled RYPEDGHOT JICI.
 16510 | D:12     | 16510 ||| PLANNING D
 16567 | D:12     | 16567 ||| DROPPING +2 war axe of venom.
 16730 | D:12     | 16730 ||| INVOKING Heroism.
 16731 | D:12     | 16731 ||| INVOKING Finesse.
 16962 | D:12     | 16962 ||| Stepping ~*~*~tactically~*~*~ (stealth).
 16964 | D:12     | 16964 ||| Stepping ~*~*~tactically~*~*~ (hiding).
 16972 | D:12     | Noticed Nessos
 16979 | D:12     | 16979 ||| Stepping ~*~*~tactically~*~*~ (hiding).
 16981 | D:12     | Killed Nessos
 16981 | D:12     | Received a gift from Okawaru
 17064 | D:12     | Reached skill level 15 in Axes
 17176 | D:12     | 17176 ||| READING scroll of acquirement.
 17176 | D:12     | 17176 ||| ACQUIRING 727 gold pieces
 17176 | D:12     | Acquired 727 gold pieces
 17368 | D:12     | 17368 ||| READING scroll labelled MEKKAMM HEFE.
 17448 | D:13     | Noticed Frances
 17449 | D:13     | 17449 ||| INVOKING Heroism.
 17462 | D:13     | Killed Frances
 17640 | D:13     | 17640 ||| Stepping ~*~*~tactically~*~*~ (hiding).
 17851 | D:13     | Noticed Lodul
 17864 | D:13     | Killed Lodul
 17930 | D:13     | 17930 ||| Stepping ~*~*~tactically~*~*~ (hiding).
 18061 | D:13     | Found a gate to the Vaults.
 18062 | D:13     | 18062 ||| INVOKING Heroism.
 18084 | D:13     | Reached XP level 15. HP: 80/96 MP: 22/22
 18097 | D:13     | Received a gift from Okawaru
 18248 | D:13     | 18248 ||| Stepping ~*~*~tactically~*~*~ (stealth).
 18254 | D:13     | 18254 ||| INVOKING Heroism.
 18325 | D:13     | 18325 ||| Stepping ~*~*~tactically~*~*~ (hiding).
 18326 | D:13     | 18326 ||| Stepping ~*~*~tactically~*~*~ (hiding).
 18329 | D:13     | 18329 ||| INVOKING Heroism.
 18363 | D:13     | Reached skill level 16 in Axes
 18364 | D:13     | 18364 ||| INVOKING Heroism.
 18407 | D:13     | 18407 ||| INVOKING Heroism.
 18478 | D:13     | Found a portal to a secret trove of treasure.
 18853 | D:13     | Found a sparkling altar of Nemelex Xobeh.
 18976 | D:14     | Received a gift from Okawaru
 19035 | D:14     | 19035 ||| Stepping ~*~*~tactically~*~*~ (hiding).
 19210 | D:14     | Noticed Agnes
 19211 | D:14     | 19211 ||| INVOKING Heroism.
 19212 | D:14     | 19212 ||| INVOKING Finesse.
 19226 | D:14     | Killed Agnes
 19478 | D:14     | 19478 ||| Stepping ~*~*~tactically~*~*~ (stealth).
 19538 | D:14     | 19538 ||| Stepping ~*~*~tactically~*~*~ (hiding).
 19550 | D:14     | 19550 ||| Stepping ~*~*~tactically~*~*~ (hiding).
 19748 | D:14     | 19748 ||| Stepping ~*~*~tactically~*~*~ (stealth).
 19749 | D:14     | 19749 ||| Stepping ~*~*~tactically~*~*~ (stealth).
 19756 | D:14     | Noticed Kirke
 19757 | D:14     | 19757 ||| Stepping ~*~*~tactically~*~*~ (stealth).
 19758 | D:14     | 19758 ||| INVOKING Heroism.
 19759 | D:14     | 19759 ||| INVOKING Finesse.
 19760 | D:14     | 19760 ||| FLEEEEING.
 19761 | D:14     | 19761 ||| STAIRDANCE
 19897 | D:13     | 19897 ||| READING 5 scrolls of identify.
 19897 | D:13     | 19897 ||| IDENTIFYING blue potion
 19900 | D:14     | 19900 ||| INVOKING Heroism.
 19901 | D:14     | 19901 ||| INVOKING Finesse.
 19915 | D:14     | Killed Kirke
 19920 | D:14     | 19920 ||| Stepping ~*~*~tactically~*~*~ (hiding).
 19932 | D:14     | Received a gift from Okawaru
 19933 | D:14     | Reached skill level 17 in Axes
 19936 | D:14     | 19936 ||| Stepping ~*~*~tactically~*~*~ (hiding).
 20036 | D:14     | Found a glowing golden altar of the Shining One.
 20053 | D:14     | 20053 ||| READING scroll of enchant armour.
 20053 | D:14     | 20053 ||| ENCHANTING +1 helmet.
 20127 | D:15     | Entered Level 15 of the Dungeon
 20169 | D:15     | 20169 ||| Stepping ~*~*~tactically~*~*~ (stealth).
 20181 | D:15     | Received a gift from Okawaru
 20194 | D:15     | Found a staircase to the Depths.
 20195 | D:15     | Noticed a fire giant
 20205 | D:15     | 20205 ||| INVOKING Heroism.
 20213 | D:15     | Killed a fire giant
 20451 | D:15     | 20451 ||| Stepping ~*~*~tactically~*~*~ (stealth).
 20453 | D:15     | 20453 ||| Stepping ~*~*~tactically~*~*~ (hiding).
 20463 | D:15     | 20463 ||| INVOKING Heroism.
 20592 | D:15     | 20592 ||| Stepping ~*~*~tactically~*~*~ (hiding).
 20593 | D:15     | 20593 ||| Stepping ~*~*~tactically~*~*~ (hiding).
 20704 | D:15     | 20704 ||| INVOKING Heroism.
 20709 | D:15     | Reached skill level 12 in Armour
 20713 | D:15     | Received a gift from Okawaru
 20777 | D:15     | 20777 ||| Stepping ~*~*~tactically~*~*~ (hiding).
 20779 | D:15     | 20779 ||| Stepping ~*~*~tactically~*~*~ (hiding).
 21153 | D:15     | 21153 ||| PLANNING ORC
 21319 | Orc:1    | Entered Level 1 of the Orcish Mines
 21407 | Orc:2    | Entered Level 2 of the Orcish Mines
 21458 | Orc:2    | Found a staircase to the Elven Halls.
 21498 | Orc:2    | 21498 ||| Stepping ~*~*~tactically~*~*~ (stealth).
 21499 | Orc:2    | 21499 ||| Stepping ~*~*~tactically~*~*~ (hiding).
 21502 | Orc:2    | 21502 ||| Stepping ~*~*~tactically~*~*~ (hiding).
 21505 | Orc:2    | 21505 ||| Stepping ~*~*~tactically~*~*~ (hiding).
 21506 | Orc:2    | 21506 ||| Stepping ~*~*~tactically~*~*~ (hiding).
 21513 | Orc:2    | 21513 ||| INVOKING Heroism.
 21548 | Orc:2    | Noticed an orc warlord
 21552 | Orc:2    | 21552 ||| INVOKING Heroism.
 21564 | Orc:2    | 21564 ||| INVOKING Finesse.
 21585 | Orc:2    | HP: 21/98 [orc warlord/+0 long sword of holy wrath (19)]
 21586 | Orc:2    | 21586 ||| READING 6 scrolls of teleportation.
 21586 | Orc:2    | HP: 9/98 [orc priest/divine providence (12)]
 21586 | Orc:2    | HP: 2/98 [orc knight/+0 war axe (7)]
 21590 | Orc:2    | Reached XP level 16. HP: 3/104 MP: 18/23
 21590 | Orc:2    | Mangled by an orc knight

Levels and vault maps discovered:
D:1:      erik_arrival_blinker_ship, layout_loops_ring
D:2:      layout_basic, basic_altar, minmay_statues_item
D:3:      layout_loops_ring, mainiacjoe_overflow_concentric_impassable,
          uniq_crazy_yiuf_cottage, uniq_terence
D:4:      layout_basic, kennysheep_little_box, lemuel_crystal_altar,
          minmay_temple_entry_wispy, serial_shops, nicolae_shop_tiny_glass,
          kennysheep_generic_room_16
D:5:      layout_basic, serial_shops, nicolae_shop_drivethru, st_stairs_2
D:6:      layout_loops_corners
D:7:      layout_rooms, ashenzari_conservatory_becter, serial_shops,
          nicolae_shop_statue_plus
D:8:      layout_rooms, mainiacjoe_overflow_alcove_1, lair_entry_dummy,
          nicolae_elevator_lobby_asterisk
D:9:      layout_gridville, enter_bailey_6, uniq_maggie
D:10:     layout_big_octagon, mainiacjoe_overflow_tiny_flanked, erik_orc_1,
          serial_undead, serial_undead_d, serial_undead_b, serial_undead_d,
          serial_undead_a
D:11:     layout_rooms
D:12:     layout_irregular_city, gauntlet_entry_generic, kennysheep_potato,
          uniq_nessos
D:13:     layout_stronghold, lightli_vaults_fourway_checkpoint, enter_trove_1,
          nemelex_diamond_rough_becter, uniq_frances, uniq_lodul
D:14:     layout_roguey, dk_noncrumbling_4, nicolae_tso_swordbearing_angel,
          uniq_kirke, uniq_agnes
D:15:     grunt_enter_depths_giant_problem, layout_loops_ring
Temple:   lightli_temple_of_artemis
Lair:1:   layout_long_grid, portal_ice_cave_entry_pillars_2,
          chequers_serial_rivers_micro_b
Lair:2:   dreamdust_labyrinth, layout_chaotic_city, swamp_mist_pool,
          beast_lair_carwin_3
Lair:3:   layout_cellular_growth, minmay_snake_entry_guardpost_small,
          minivault_23, serial_bayou_shore_b, serial_bayou_shore_a
Lair:4:   layout_gridlike, slime_entry_1, serial_bayou_lagoon_a
Lair:5:   due_jungle_book, layout_regular_city, columned_hall_lemuel,
          chequers_serial_rivers_room_b, tgw_fedhas
Orc:1:    layout_diamond_mine, serial_shops, shop, uniq_harold
Orc:2:    st_orc_congregation, layout_caves, basic_altar

Skill      XL: |  1  2  3  4  5  6  7  8  9 10 11 12 13 14 15 |
---------------+----------------------------------------------+-----
Axes           | 2 3 4 5 6 13 15 17 | 17.2
Throwing       | 2 3 6 7 |  7.0
Invocations    | 1 3 4 6 10 | 10.0
Fighting       | 4 5 8 9 11 12 13 | 13.0
Armour         | 4 6 8 9 11 12 | 12.0
Dodging        | 2 3 5 |  5.0
Shields        | 4 6 8 |  8.1

Action                     |  1- 3 |  4- 6 |  7- 9 | 10-12 | 13-15 | 16-18 || total
---------------------------+-------+-------+-------+-------+-------+-------++-------
  Melee: War axe           |   120 |       |       |       |       |       ||   120
         Hand axe          |     5 |    74 |   117 |   430 |   323 |       ||   949
         Broad axe         |       |       |       |       |   770 |     1 ||   771
  Throw: Boomerang         |       |    27 |    16 |    82 |    40 |       ||   165
         Javelin           |       |    12 |    55 |    77 |   101 |       ||   245
 Invoke: Heroism           |       |     3 |     8 |    17 |    30 |       ||    58
         Finesse           |       |       |       |     1 |     8 |       ||     9
  Evoke: Wand              |       |       |       |       |     2 |       ||     2
    Use: Scroll            |     8 |     3 |     3 |     9 |    13 |       ||    36
         Potion            |     1 |       |     1 |     2 |     5 |       ||     9
 Armour: Scale mail        |    53 |       |       |       |       |       ||    53
         Chain mail        |     8 |     1 |       |       |       |       ||     9
         Plate armour      |       |    32 |    50 |   207 |   421 |       ||   710
  Dodge: Dodged            |    52 |    24 |    37 |   104 |   563 |       ||   780
  Block: Buckler           |    23 |     7 |    15 |    61 |   377 |       ||   483
         Reflection        |       |       |       |       |    10 |       ||    10

Table legend:
 A = Non-vault XP
 B = Vault XP
 C = Vault XP percentage of total XP
 D = Non-vault monster count
 E = Vault monster count
 F = Vault count percentage of total count
                 A         B        C        D         E       F
            +---------+---------+-------+---------+---------+-------
      Total |   78092 |   48985 |  38.5 |     437 |     166 |  27.5
            +---------+---------+-------+---------+---------+-------
        D:1 |      52 |       0 |   0.0 |      31 |       0 |   0.0
        D:2 |      24 |       0 |   0.0 |      13 |       0 |   0.0
        D:3 |      86 |      36 |  29.5 |      25 |       1 |   3.8
        D:4 |     239 |      35 |  12.8 |      15 |       1 |   6.2
        D:5 |     720 |      22 |   3.0 |      25 |       2 |   7.4
        D:6 |     969 |       0 |   0.0 |      14 |       0 |   0.0
        D:7 |     216 |       0 |   0.0 |      21 |       0 |   0.0
        D:8 |     755 |       0 |   0.0 |      16 |       0 |   0.0
        D:9 |    1450 |     389 |  21.2 |      19 |       1 |   5.0
       D:10 |    3792 |    4908 |  56.4 |      27 |      35 |  56.5
       D:11 |    1021 |       0 |   0.0 |      12 |       0 |   0.0
       D:12 |    3592 |    2137 |  37.3 |       9 |       4 |  30.8
       D:13 |    8018 |    9739 |  54.8 |      22 |      22 |  50.0
       D:14 |   12393 |    3164 |  20.3 |      26 |       4 |  13.3
       D:15 |    6868 |    1292 |  15.8 |      20 |       1 |   4.8
     Lair:1 |    6306 |       0 |   0.0 |      30 |       0 |   0.0
     Lair:2 |    5234 |     554 |   9.6 |      16 |       5 |  23.8
     Lair:3 |    6421 |     483 |   7.0 |      26 |       3 |  10.3
     Lair:4 |    7905 |       0 |   0.0 |      25 |       0 |   0.0
     Lair:5 |   11019 |   14779 |  57.3 |      33 |      28 |  45.9
      Orc:1 |     583 |       0 |   0.0 |       6 |       0 |   0.0
      Orc:2 |     429 |    7316 |  94.5 |       6 |      46 |  88.5
   Gauntlet |       0 |    4131 | 100.0 |       0 |      13 | 100.0
            +---------+---------+-------+---------+---------+-------
